 Dungeon Crawl Stone Soup version 0.28-a0-1002-gf00fe891ef (webtiles) character file.

Game seed: 11860508946790042315

715 ders the Digger (level 7, -2/36 HPs)
             Began as a Gargoyle Earth Elementalist on Dec 6, 2021.
             Slain by a yak (9 damage)
             ... on level 4 of the Dungeon.
             The game lasted 00:07:04 (5234 turns).

ders the Digger (Gargoyle Earth Elementalist)       Turns: 5234, Time: 00:07:05

Health: -2/36      AC:  9    Str: 11    XL:     7   Next: 69%
Magic:  2/14       EV: 11    Int: 18    God:
Gold:   167        SH:  0    Dex: 10    Spells: 11/15 levels left

rFire   + . .      SeeInvis .   d - staff of fire
rCold   . . .      Faith    .   (no shield)
rNeg    + + .      Spirit   .   b - +0 robe
rPois   ∞          Reflect  .   (no helmet)
rElec   +          Harm     .   t - +0 cloak
rCorr   .          Rampage  .   u - +0 pair of gloves
Will    .....                   n - +0 pair of boots
Stlth   ++........              (no amulet)
HPRegen 0.12/turn               a - ring of positive energy
MPRegen 0.14/turn               (no ring)

@: no status effects
A: sickness immunity, AC +4, negative energy resistance 1, electricity
resistance, torment resistance 1, petrification resistance
a: no special abilities


You were on level 4 of the Dungeon.
You visited 1 branch of the dungeon, and saw 5 of its levels.

You collected 167 gold pieces.

Inventory:

Missiles
 c - 58 stones
Armour
 b - a +0 robe (worn)
 n - a +0 pair of boots (worn)
 t - a +0 cloak (worn)
 u - a +0 pair of gloves (worn)
Magical Staves
 d - a staff of fire (weapon)
Jewellery
 a - a ring of positive energy (left hand)
 f - an amulet of the acrobat
 q - a ring of willpower
Wands
 s - a wand of iceblast (2)
Scrolls
 e - 2 scrolls of noise {unknown}
 h - 7 scrolls of identify {unknown}
 i - a scroll of fear {unknown}
 p - a scroll of vulnerability {unknown}
Potions
 g - a potion of haste {unknown}
 j - a potion of magic {unknown}
 k - a potion of degeneration {unknown}
 l - 2 potions of brilliance {unknown}
 m - a potion of invisibility {unknown}
 o - 2 potions of curing {unknown}
 r - a potion of heal wounds {unknown}


   Skills:
 - Level 1.5 Dodging
 - Level 2.1 Stealth
 + Level 4.7 Spellcasting
 + Level 4.9 Conjurations
 - Level 0.7 Transmutations
 + Level 6.8 Earth Magic


You had 11 spell levels left.
You knew the following spells:

 Your Spells              Type           Power      Damage    Failure   Level
a - Sandblast             Erth           56%        2d13      1%          1
b - Stone Arrow           Conj/Erth      50%        3d10      3%          3

Your spell library contained the following spells:

 Spells                   Type           Power      Damage    Failure   Level
 Passwall                 Tmut/Erth      14%        N/A       4%          2
 Scorch                   Fire           12%        2d6       21%         2
 Petrify                  Tmut/Erth      17%        N/A       28%         4
 Flame Wave               Conj/Fire      19%        2d5       45%         4
 Animate Dead             Necr           2%         N/A       80%         4
 Summon Cactus Giant      Summ           2%         N/A       100%        6
 Haunt                    Necr/Summ      2%         N/A       100%        7
 Infestation              Necr           2%         N/A       100%        8
 Chain Lightning          Conj/Air       6%         3d8       100%        9
 Fire Storm               Conj/Fire      9%         8d3       100%        9
 Shatter                  Erth           14%        3d14*     100%        9


Dungeon Overview and Level Annotations

Branches:
Dungeon (5/15)
 Temple: D:4-7

Altars:
Okawaru
Uskayaw
The Shining One

Shops:
D:3 =


Innate Abilities, Weirdness & Mutations

You are immune to sickness and miasma.
Your stone body is resilient. (AC +4)
You are immune to poison.
You resist negative energy. (rN+)
You are resistant to electric shocks. (rElec)
You are resistant to unholy torment.
You are immune to petrification.


Message History

Aim: a yak (severely wounded, 88% to hit)
The blast of sand hits the yak!
You kill the yak!
Unknown command.
There is a stone staircase leading up here.
The yak closely misses you.
You climb upwards.
There is a stone staircase leading down here.
The yak gores you! The yak gores you.
* * * LOW HITPOINT WARNING * * *
Casting: Sandblast (safe; 1% risk of failure)
Confirm with . or Enter, or press ? or * to list all spells.
Aiming: Stone Arrow (dangerous; 3% risk of failure)
Press: ? - help, Shift-Dir - straight line, f - yak
Aim: a yak (83% to hit)
The stone arrow hits the yak!
The yak is moderately wounded.
The yak gores you.
* * * LOW HITPOINT WARNING * * *
Unknown command.
Casting: Stone Arrow (dangerous; 3% risk of failure)
Confirm with . or Enter, or press ? or * to list all spells.
Aiming: Sandblast (safe; 1% risk of failure)
Press: ? - help, Shift-Dir - straight line, f/p - yak
Aim: a yak (moderately wounded, 88% to hit)
The blast of sand hits the yak but does no damage.
The yak is moderately wounded.
The yak gores you.
* * * LOW HITPOINT WARNING * * *
Unknown command.
Casting: Sandblast (safe; 1% risk of failure)
Confirm with . or Enter, or press ? or * to list all spells.
Aiming: Sandblast (safe; 1% risk of failure)
Press: ? - help, Shift-Dir - straight line, f/p - yak
Aim: a yak (moderately wounded, 88% to hit)
The blast of sand hits the yak.
The yak is heavily wounded.
The yak gores you!
You die...

### #.## ##.#######
####........
########...........
#######..................
#.......@Y.....##....<...
#...#############........
#..## ##......... #..#
#.......... #..#
#...)...... #..#
##......[.. #..#
#......... #..#
##........ # #..#
##.......


You could see a yak.

Vanquished Creatures
  2 yaks (D:5)
  An ogre (D:3)
  A bullfrog zombie (D:5)
  A jelly (D:5)
  2 orc priests (D:4)
  A hound (D:4)
  2 hound skeletons (D:4)
  3 adders
  3 gnolls (D:4)
  2 ufetubi (D:4)
  3 worms
  5 dart slugs
  7 orcs
  5 endoplasms
  5 giant cockroaches
  5 goblins
  7 hobgoblins
  3 quokkas
  5 ball pythons
  A bat (D:1)
  5 frilled lizards
  7 kobolds
  2 rats
78 creatures vanquished.

Notes
Turn   | Place    | Note
-------+----------+-------------------------------------------
     0 | D:1      | ders the Gargoyle Earth Elementalist began the quest for
                  | the Orb.
     0 | D:1      | Reached XP level 1. HP: 10/10 MP: 3/3
   427 | D:1      | Reached XP level 2. HP: 14/15 MP: 3/5
   531 | D:1      | Reached skill level 1 in Conjurations
   597 | D:1      | Reached skill level 4 in Earth Magic
   786 | D:1      | Found a faded altar of an unknown god.
  1184 | D:2      | Reached XP level 3. HP: 19/19 MP: 4/6
  2121 | D:3      | Found Asung's Jewellery Shop.
  2454 | D:3      | Reached XP level 4. HP: 24/24 MP: 6/8
  2482 | D:3      | Learned a level 3 spell: Stone Arrow
  2491 | D:3      | Noticed an ogre
  2493 | D:3      | Killed an ogre
  2494 | D:3      | Reached skill level 5 in Earth Magic
  2494 | D:3      | Reached XP level 5. HP: 28/28 MP: 4/9
  3677 | D:4      | Reached XP level 6. HP: 32/32 MP: 1/11
  3899 | D:4      | Found a glowing golden altar of the Shining One.
  4275 | D:4      | Found an iron altar of Okawaru.
  4774 | D:4      | Found a hide-covered altar of Uskayaw.
  4864 | D:5      | Entered Level 5 of the Dungeon
  4942 | D:5      | Reached skill level 6 in Earth Magic
  5141 | D:5      | Noticed a yak
  5141 | D:5      | Noticed a yak
  5141 | D:5      | Noticed a yak
  5141 | D:5      | Noticed a yak
  5184 | D:5      | Killed a yak
  5185 | D:5      | Reached XP level 7. HP: 17/36 MP: 6/13
  5188 | D:5      | Killed a yak
  5234 | D:4      | Slain by a yak

Illustrated notes

Levels and vault maps discovered:
D:1:      dpeg_chamrin_arrival_tetris, layout_rooms,
          shapermc_ecumenical_altar_mp_vishouse
D:2:      layout_loops_corners
D:3:      layout_basic, serial_shops, nicolae_shop_trees
D:4:      layout_layer_cave, lemuel_doored_altar,
          mainiacjoe_overflow_large_starburst
D:5:      layout_loops_cross, lemuel_crystal_altar, serial_co_window_serial,
          co_window_paths_b, co_window_paths_b, co_window_paths_a,
          co_window_paths_b, co_window_paths_b, co_window_paths_a,
          co_window_of_opportunity_b, co_window_cross_4,
          co_window_unsneaky_path_a, co_window_broadway_a, co_window_corner_ca,
          serial_bayou_pond_c

Skill      XL: |  1  2  3  4  5  6 |
---------------+-------------------+-----
Conjurations   | 1 2 3 4 |  4.9
Earth Magic    | 4 5 6 |  6.8
Spellcasting   | 3 4 |  4.7
Dodging        | |  1.5
Stealth        | |  2.1
Transmutations | |  0.7

Action                   |  1- 3 |  4- 6 |  7- 9 || total
-------------------------+-------+-------+-------++-------
Melee: Unarmed           |     8 |       |       ||     8
       Staff             |    10 |     5 |       ||    15
 Cast: Sandblast         |    57 |    49 |     5 ||   111
       Stone Arrow       |       |    18 |     2 ||    20
Armor: Robe              |    13 |     7 |     1 ||    21
Dodge: Dodged            |    22 |    19 |     3 ||    44

Table legend: (Time is in decaauts)
 A = Elapsed time spent in this place.
 B = Non-inter-level travel time spent in this place.
 C = Inter-level travel time spent in this place.
 D = Time resting spent in this place.
 E = Time spent auto-exploring this place.
 F = Levels seen in this place.
 G = Mean time per level.
                   A        B        C        D        E       F      G
               +--------+--------+--------+--------+--------+-----+--------+
         Total |   5236 |   5023 |    213 |    935 |   3476 |   5 | 1047.2 |
       Dungeon |   5236 |   5023 |    213 |    935 |   3476 |   5 | 1047.2 |
               +--------+--------+--------+--------+--------+-----+--------+

Top non-repeatable levels by time:
     D:4: 1518 daAuts
     D:2: 1429 daAuts
     D:3: 1085 daAuts
     D:1: 877 daAuts
     D:5: 326 daAuts
